 Dungeon Crawl Stone Soup version 0.16.0-18-g484a79e (webtiles) character file.

24567 Zapata the Bludgeoner (level 13, -2/80 HPs)
             Began as a Kobold Berserker on Mar 22, 2015.
             Was the Champion of Trog.
             Slain by a four-headed hydra (9 damage)
             ... on level 3 of the Lair of Beasts.
             The game lasted 00:33:10 (17188 turns).

Zapata the Bludgeoner (Kobold Berserker)           Turns: 17188, Time: 00:33:10

Health: -2/80      AC: 12    Str: 16    XL:     13   Next: 43%
Magic:  13/13      EV: 23    Int: 12    God:    Trog [******]
Gold:   693        SH:  0    Dex: 20    Spells: 0 memorised, 12 levels left

rFire  . . .     SeeInvis .     a - +5 morningstar (holy)
rCold  . . .     Clarity  .     N - +2 robe {MR+}
rNeg   . . .     SustAb   .     (no shield)
rPois  .         Gourm    .     o - +0 helmet {Int+3}
rElec  .         Spirit   .     M - +0 cloak
rCorr  .         Warding  .     v - +0 pair of gloves
rMut   .         Stasis   .     d - +2 pair of boots of the Assassin {Stlth++}
MR     +....                    R - amulet of faith
Stlth  ++++++....               (no ring)
                                P - +4 ring of intelligence

@: lethally poisoned (-2 -> -4), exhausted, about to teleport, slowed, very
slow, somewhat resistant to hostile enchantments, very stealthy
A: hooves 1, carnivore 3
a: Burn Spellbooks, Berserk, Trog's Hand, Brothers in Arms, Renounce Religion


You were on level 3 of the Lair of Beasts.
You worshipped Trog.
Trog was exalted by your worship.
You were not hungry.

You visited 2 branches of the dungeon, and saw 15 of its levels.

You collected 1098 gold pieces.
You spent 405 gold pieces at shops.

Inventory:

Hand weapons
 a - a +5 morningstar of holy wrath (weapon)
 x - a +0 arbalest
 S - a +0 mace of protection
Missiles
 b - 136 bolts
 n - 27 bolts of flame
 D - 2 tomahawks (quivered)
Armour
 d - the +2 pair of boots of the Assassin (worn) {Stlth++}
   (You acquired it on level 1 of the Lair of Beasts)

   It makes you much more stealthy.
 o - a +0 helmet of intelligence (worn)
 v - a +0 pair of gloves (worn)
 C - the +0 robe "Juliru" {MP-9 Str+3 SInv}
   (You found it on level 10 of the Dungeon)

   It affects your strength (+3).
   It affects your magic capacity (-9).
   It enhances your eyesight.
 F - the +0 ring mail of the Planets {Stlth+}
   (You bought it in a shop on level 5 of the Dungeon)

   It makes you more stealthy.
 M - a +0 cloak (worn)
 N - a +2 robe of magic resistance (worn)
Jewellery
 P - a +4 ring of intelligence (left hand)
 R - an amulet of faith (around neck)
 W - an uncursed amulet of resist corrosion {unknown}
 Y - an uncursed ring of stealth {unknown}
Magical devices
 g - a wand of lightning (9)
 p - a wand of draining (2)
 B - a wand of slowing (16)
 H - a wand of polymorph (19)
 U - a wand of teleportation (5)
Scrolls
 i - a scroll of vulnerability {unknown}
 j - a scroll of teleportation
 l - 3 scrolls of fog
 m - a scroll of recharging {unknown}
 r - a scroll of enchant weapon
 y - 2 scrolls of remove curse
 E - a scroll of torment {unknown}
 G - 4 scrolls of magic mapping
 I - 3 scrolls of fear {unknown}
 J - 5 scrolls of enchant armour {unknown}
 K - 2 scrolls of immolation {unknown}
 T - a scroll of holy word {unknown}
 V - a scroll of blinking {unknown}
 Z - a scroll of summoning {unknown}
Potions
 e - a potion of resistance
 h - 6 potions of haste
 k - 3 potions of curing
 q - a potion of invisibility {unknown}
 s - a potion of cancellation {unknown}
 t - 3 potions of berserk rage {unknown}
 u - a potion of ambrosia {unknown}
 w - 3 potions of might {unknown}
 z - 5 potions of poison {unknown}
 A - 4 potions of heal wounds {unknown}
 L - a potion of lignification {unknown}
 O - a potion of agility
 Q - 3 potions of flight
Comestibles
 c - 13 meat rations
 f - 3 beef jerkies
 X - 20 royal jellies


   Skills:
 + Level 9.0 Fighting
 - Level 16.0 Maces & Flails
 - Level 7.5 Armour
 + Level 9.4 Dodging
 - Level 5.1 Stealth


You had 12 spell levels left.
You didn't know any spells.

Dungeon Overview and Level Annotations

Branches:
Dungeon (12/15)            Temple (0/1) D:7            Lair (3/8) D:8
    Orc (0/4) D:12
  Swamp: Lair:3-6    Shoals: Lair:3-6     Snake: Lair:3-6    Spider: Lair:3-6

Altars:
Dithmenos
Okawaru
Sif Muna

Shops:
D:5 [

Annotations:
D:12 1 runed door


Innate Abilities, Weirdness & Mutations

You are small and have problems with some larger weapons.
You are carnivorous and can eat meat at any time.
You have large cloven feet.


Message History

The komodo dragon is heavily wounded.
You feel sick. The four-headed hydra misses you.
The four-headed hydra bites you! The four-headed hydra bites you.
The four-headed hydra bites you!
Huge Dmg: -18%(-21hp) hp: 31%(37hp)
You barely miss the komodo dragon.
The komodo dragon is heavily wounded.
The komodo dragon bites you!!
* * * LOW HITPOINT WARNING * * *
Huge Dmg: -21%(-26hp) hp: 10%(11hp)
A yak comes into view.
You feel a strong urge to attack something.
You are no longer berserk.
You are exhausted.
You feel yourself slow down.
You feel sick.
Huge Dmg: -5%(-4hp) hp: 9%(7hp) Read which item? (? for menu, Esc to quit)
As you read the scroll of teleportation, it crumbles to dust.
You feel strangely unstable.
You feel sick. The four-headed hydra bites you!
You die...

♣.....♣♣♣..[)...P#..
♣♣...♣♣ ♣♣..........#
♣♣♣♣♣...♣♣♣♣♣♣....D.....
♣..........♣ ♣#.........
♣..........♣ ♣...$......
♣..######..♣♣♣.##..#....
♣..#⌠...#..♣♣.#.#.##....
♣..'....#..♣♣♣....##...Y#
♣..'..<.#..♣ ♣..@.....#
♣..'....#..♣ ♣.lDF##P..#
♣..#⌠...#..♣ ♣..Y..# .
♣..######..♣ ♣..#.#.#
♣..........♣ ♣........
♣..........♣ ♣#.(..P##..
♣♣♣♣♣♣♣♣♣♣♣♣ ♣...<.#
♣.$.... ..P...##


You could see a seven-headed hydra (wandering), a four-headed hydra, a komodo
dragon, 2 yaks and a spiny frog.

Vanquished Creatures
  Maud (Lair:3)
  Snorg (Lair:3)
  A hydra (D:9)
  Harold (D:10)
  Urug (D:10)
  Nergalle (Lair:1)
  A hill giant (D:10)
  A cyclops (D:12)
  A griffon (D:12)
  A black mamba (Lair:1)
  3 spiny frogs
  A gargoyle (D:12)
  2 komodo dragons
  4 trolls
  A queen bee (Lair:2)
  Grinder (D:5)
  2 basilisks
  A deep elf mage (D:12)
  A wraith (D:10)
  22 yaks
  A wolf (Lair:2)
  4 vampire mosquitoes (D:12)
  4 wargs (D:12)
  3 hippogriffs
  A hungry ghost (D:9)
  Edmund (D:5)
  5 water moccasins
  An orc warrior (D:7)
  An ice beast (D:8)
  3 porcupines
  A necrophage (D:8)
  An eye of draining (D:12)
  8 ogres
  A phantom (D:8)
  3 sky beasts
  8 big kobolds
  3 crocodiles
  11 giant frogs
  39 killer bees
  4 scorpions
  5 electric eels
  7 hounds
  7 wights
  A gnoll shaman (D:9)
  5 jellies
  2 centaur zombies
  A giant frog zombie (D:5)
  9 iguanas
  2 centaur skeletons
  4 crimson imps
  3 giant frog skeletons
  10 worker ants
  4 orc wizards
  An orc priest (D:11)
  6 sheep
  A hound skeleton (D:8)
  A mummy (D:10)
  15 adders
  3 gnolls (D:9)
  6 river rats (Lair:1)
  2 giant mites (D:4)
  An adder zombie (D:9)
  2 adder skeletons
  6 giant geckos
  13 orcs
  22 bats
  A bat zombie (D:6)
  14 goblins
  18 hobgoblins
  15 jackals
  7 quokkas
  4 giant cockroaches
  7 giant newts
  A giant spore (D:7)
  A jackal zombie (D:7)
  46 kobolds
  10 rats
  3 ballistomycetes (D:11)
  7 plants (D:4)
424 creatures vanquished.

Vanquished Creatures (collateral kills)
  A hill giant (D:12)
  2 slime creatures (D:10)
  Psyche (D:12)
  A basilisk (D:12)
  3 yaks
  A soldier ant (D:12)
  2 ogres (D:10)
  A sky beast (D:10)
  A giant frog (D:10)
  A scorpion (D:12)
  11 wights
  An electric eel (D:7)
  A goliath beetle (D:12)
  A centaur zombie (D:10)
  A giant frog zombie (D:12)
  An iguana (D:10)
  5 giant mites (D:12)
  2 giant cockroaches (D:12)
  A hobgoblin (D:10)
  A rat (D:10)
  3 butterflies (D:12)
42 creatures vanquished.

Vanquished Creatures (others)
  A giant spore (D:11)
  2 fungi
  A plant (Lair:3)
4 creatures vanquished.

Grand Total: 470 creatures vanquished

Notes
Turn   | Place    | Note
--------------------------------------------------------------
     0 | D:1      | Zapata, the Kobold Berserker, began the quest for the Orb.
     0 | D:1      | Reached XP level 1. HP: 14/14 MP: 1/1
    51 | D:1      | Reached XP level 2. HP: 16/19 MP: 2/2
   754 | D:1      | Reached skill level 4 in Maces & Flails
   754 | D:1      | Reached XP level 3. HP: 23/23 MP: 3/3
  1062 | D:1      | Reached XP level 4. HP: 18/28 MP: 4/4
  1098 | D:2      | Acquired Trog's second power
  1353 | D:2      | Reached skill level 5 in Maces & Flails
  1983 | D:3      | Reached XP level 5. HP: 27/32 MP: 5/5
  2757 | D:4      | Reached skill level 6 in Maces & Flails
  2798 | D:4      | Gained mutation: You have large cloven feet. [mutagenic glow]
  2977 | D:4      | Reached XP level 6. HP: 32/37 MP: 6/6
  3129 | D:4      | Noticed an ogre
  3135 | D:4      | Killed an ogre
  3137 | D:4      | Reached skill level 7 in Maces & Flails
  3309 | D:4      | Reached XP level 7. HP: 25/41 MP: 7/7
  3928 | D:5      | Entered Level 5 of the Dungeon
  3945 | D:5      | Acquired Trog's third power
  4081 | D:5      | Reached skill level 8 in Maces & Flails
  4498 | D:5      | Found a shadowy altar of Dithmenos.
  4512 | D:5      | Found Ilabroasm's Antique Armour Emporium.
  4577 | D:5      | Noticed Grinder
  4578 | D:5      | Reached XP level 8. HP: 46/46 MP: 8/8
  4592 | D:5      | Killed Grinder
  4592 | D:5      | Reached skill level 9 in Maces & Flails
  4846 | D:5      | Noticed Edmund
  4853 | D:5      | Killed Edmund
  4853 | D:5      | Reached skill level 10 in Maces & Flails
  5255 | D:5      | Bought a heavily runed ring mail for 270 gold pieces
  5265 | D:5      | Identified the +0 ring mail of the Planets {Stlth+} (You bought it in a shop on level 5 of the Dungeon)
  5591 | D:6      | Found an iron altar of Okawaru.
  5632 | D:6      | Reached XP level 9. HP: 51/51 MP: 9/9
  5881 | D:7      | Found a staircase to the Ecumenical Temple.
  6052 | D:7      | Reached skill level 5 in Stealth
  6379 | D:7      | Reached skill level 11 in Maces & Flails
  6754 | D:7      | Found a deep blue altar of Sif Muna.
  6807 | D:5      | Bought a runed helmet for 135 gold pieces
  7842 | D:8      | Reached skill level 12 in Maces & Flails
  8029 | D:8      | Found a staircase to the Lair.
  8057 | D:8      | Reached XP level 10. HP: 43/56 MP: 10/10
  8712 | D:9      | Reached skill level 13 in Maces & Flails
  9543 | D:9      | Noticed a two-headed hydra
  9548 | D:9      | Killed a two-headed hydra
  9548 | D:9      | Reached skill level 14 in Maces & Flails
  9638 | D:9      | Reached XP level 11. HP: 10/62 MP: 11/11
 10119 | D:8      | Upgraded the game from 0.16.0-17-g811c1d7 to 0.16.0-18-g484a79e
 10121 | Lair:1   | Entered Level 1 of the Lair of Beasts
 10417 | Lair:1   | Identified a scroll of acquirement
 10469 | Lair:1   | Reached skill level 5 in Fighting
 10781 | Lair:1   | Reached skill level 5 in Dodging
 11151 | Lair:1   | HP: 3/64 [poisoned by a black mamba]
 11157 | Lair:1   | HP: 3/64 [poisoned by a black mamba]
 11506 | Lair:1   | Noticed Nergalle
 11520 | Lair:1   | Killed Nergalle
 11813 | D:10     | Entered Level 10 of the Dungeon
 12017 | D:10     | Noticed Harold
 12062 | D:10     | Killed Harold
 12081 | D:10     | Got a slimy robe
 12092 | D:10     | Identified the cursed +0 robe "Juliru" {MP-9 Str+3 SInv} (You found it on level 10 of the Dungeon)
 12178 | D:10     | Received a gift from Trog
 12301 | D:10     | Noticed a hill giant
 12319 | D:10     | Killed a hill giant
 12533 | D:10     | Reached XP level 12. HP: 9/75 MP: 12/12
 12539 | D:10     | Received a gift from Trog
 13323 | D:10     | Noticed Urug
 13325 | D:10     | Killed Urug
 13998 | D:12     | Noticed Psyche
 14004 | D:12     | Reached skill level 15 in Maces & Flails
 14021 | D:12     | Killed Psyche
 14021 | D:12     | Received a gift from Trog
 14476 | D:12     | Found a staircase to the Orcish Mines.
 14674 | D:12     | Reached skill level 16 in Maces & Flails
 14690 | D:12     | Found a runed door.
 14716 | D:12     | Found a runed door.
 14932 | D:12     | Received a gift from Trog
 15499 | Lair:2   | Reached XP level 13. HP: 80/80 MP: 13/13
 15694 | Lair:2   | Reached skill level 5 in Armour
 15713 | Lair:2   | Received a gift from Trog
 16768 | Lair:3   | Noticed Snorg
 16778 | Lair:3   | Noticed Maud
 16783 | Lair:3   | Killed Snorg
 16805 | Lair:3   | Killed Maud
 17188 | Lair:3   | Slain by a four-headed hydra

Action                   |  1- 3 |  4- 6 |  7- 9 | 10-12 | 13-15 || total
-------------------------+-------+-------+-------+-------+-------++-------
Melee: Mace              |    76 |   159 |   436 |   606 |       ||  1277
       Morningstar       |       |       |       |   204 |   210 ||   414
Throw: Stone             |     8 |       |       |       |       ||     8
Invok: Berserk           |     1 |     2 |    13 |    15 |     3 ||    34
       Trog's Hand       |       |       |     1 |     1 |       ||     2
       Brothers in Arms  |       |       |     2 |     5 |       ||     7
       Burn Spellbooks   |       |       |       |     3 |     1 ||     4
  Use: Scroll            |       |       |     9 |    10 |     1 ||    20
       Potion            |       |       |     1 |     4 |     1 ||     6
 Stab: Sleeping          |       |       |     8 |    22 |     5 ||    35
       Distracted        |       |       |       |     8 |     2 ||    10
  Eat: Chunk             |     4 |    11 |    31 |    32 |     9 ||    87
       Meat ration       |       |       |       |     1 |       ||     1
